 Dungeon Crawl Stone Soup version 0.29-a0-892-g2c4c91d9db (webtiles) character file.

Game seed: 1230056819016865983

4276 SkeletonJelly the Cleaver (level 10, -11/56 HPs)
             Began as a Vine Stalker Fighter on July 22, 2022.
             Was an Elder of Trog.
             Mangled by an orc warrior
             ... wielding a +0 trident
              (23 damage)
             ... in a bailey.
             The game lasted 00:12:49 (6738 turns).

SkeletonJelly the Cleaver (Vine Stalker Fighter)    Turns: 6738, Time: 00:12:49

Health: -11/56     AC: 13    Str: 23    XL:     10   Next: 31%
Magic:  0/11       EV:  6    Int:  8    God:    Trog [****..]
Gold:   538        SH:  4    Dex: 14    Spells: 9/9 levels left

rFire   . . .      SeeInvis .   a - +0 war axe
rCold   . . .      Faith    +   c - +0 buckler
rNeg    . . .      Spirit   +   L - +0 plate armour
rPois   +          Reflect  .   (no helmet)
rElec   .          Harm     .   J - +0 cloak
rCorr   .          Rampage  .   (no gloves)
Will    +....                   e - +0 pair of boots
Stlth   ..........              i - amulet of faith
HPRegen 0.98/turn               r - ring of flight
MPRegen 0.12/turn               y - ring of poison resistance

@: flying
A: fangs 3, regeneration 1, magic shield, antimagic bite, no potion heal 2
a: Renounce Religion, Berserk, Trog's Hand, Brothers in Arms


You were in a bailey.
You worshipped Trog.
Trog was greatly pleased with you.
You visited 1 branch of the dungeon, and saw 8 of its levels.
You also visited: Bailey.

You collected 538 gold pieces.

Inventory:

Hand Weapons
 a - a +0 war axe (weapon)
Missiles
 k - 2 atropa-tipped darts (quivered)
 l - 18 poisoned darts
 B - 3 javelins
 P - a curare-tipped dart
Armour
 b - a +0 scale mail
 c - a +0 buckler (worn)
 e - a +0 pair of boots (worn)
 s - a +0 helmet
 D - a +1 ring mail of fire resistance
 F - an orb of wrath
 I - a +0 chain mail of poison resistance
 J - a +0 cloak (worn)
 L - a +0 plate armour (worn)
Jewellery
 i - an amulet of faith (around neck)
 r - a ring of flight (left hand)
 y - a ring of poison resistance (right hand)
Wands
 p - a wand of flame (29)
 N - a wand of paralysis (4)
 O - a wand of light (11)
Scrolls
 g - 3 scrolls of identify
 j - 4 scrolls of amnesia
 m - 2 scrolls of magic mapping
 n - a scroll of blinking
 o - a scroll of noise {unknown}
 t - a scroll of vulnerability {unknown}
 w - 2 scrolls of poison {unknown}
 x - 2 scrolls of immolation {unknown}
 z - 3 scrolls of enchant weapon {unknown}
 E - 2 scrolls of fog {unknown}
 H - a scroll of silence {unknown}
Potions
 d - a potion of might
 f - 2 potions of brilliance {unknown}
 h - a potion of mutation {unknown}
 q - 2 potions of haste {unknown}
 u - 2 potions of invisibility {unknown}
 v - 4 potions of curing
 A - a potion of resistance {unknown}
 C - a potion of heal wounds {unknown}
 G - a potion of ambrosia {unknown}
 K - 3 potions of attraction {unknown}
 M - a potion of flight {unknown}


   Skills:
 + Level 8.3 Fighting
 * Level 11.2 Axes
 - Level 2.4 Armour
 - Level 2.6 Shields


You had 9 spell levels left.
You didn't know any spells.
Your spell library contained the following spells:

 Spells                   Type           Power      Damage    Failure   Level
 Beastly Appendage        Tmut           0%         N/A       100%        1
 Slow                     Hex            0%         N/A       100%        1
 Wereblood                Tmut           0%         N/A       100%        2
 Confusing Touch          Hex            0%         N/A       100%        3
 Inner Flame              Hex/Fire       0%         N/A       100%        3
 Spider Form              Tmut/Pois      0%         N/A       100%        3
 Vampiric Draining        Necr           0%         2d6       100%        3
 Cause Fear               Hex            0%         N/A       100%        4
 Discord                  Hex            0%         N/A       100%        8


Dungeon Overview and Level Annotations

Branches:
Dungeon (8/15)             Temple (0/1) D:7          Bailey (1/1)
   Lair: D:8-11

Altars:
Ashenzari
Dithmenos
Fedhas
Gozag
Kikubaaqudgha
Makhleb
Qazlal
Sif Muna
Trog


Innate Abilities, Weirdness & Mutations

You have razor-sharp teeth.
Your natural rate of healing is unusually fast.
When hurt, damage is shared between your health and your magic reserves.
Your bite disrupts and absorbs the magic of your enemies.
Potions cannot restore your health.


Message History

The orc shouts!
The orc splashes around in the water.
You block the orc's attack.
You hit the orc but do no damage. You bite the orc, but do no damage.
You block the orc's attack. x2
You slash the orc!
You kill the orc!
Trog accepts your kill.
You hear a splash. x2
The orc barely misses you. The orc hits you but does no damage.
Things that are here:
a +0 spear; a +0 scale mail; an orc corpse You hit the orc.
You bite the orc, but do no damage.
The orc is heavily wounded.
You slash the orc!
You kill the orc!
Trog accepts your kill.
No target in view!
No target in view!
No target in view!
No target in view!
Things that are here:
a +0 trident; a +0 ring mail
Found a gate leading back out of this place.
An orc comes into view. It is wielding a +0 halberd.
The orc shouts!
An orc comes into view. It is wielding a +0 halberd.
The orc moves out of view.
An orc is nearby!
An orc is nearby!
No reachable target in view!
No reachable target in view!
No reachable target in view!
No reachable target in view!
An orc is nearby!
An orc is nearby!
No reachable target in view!
The orc shouts!
The orc hits you but does no damage. The orc hits you with a +0 halberd!
You take 7 damage, and have 49/56 hp.
You now have 10/11 mp.
You hit the orc but do no damage. The orc hits you but does no damage. x2
You closely miss the orc. You block the orc's attack.
The orc barely misses you.
You closely miss the orc. Your bite misses the orc.
The orc hits you from afar with a +0 halberd.
The orc hits you but does no damage.
You now have 9/11 mp.
You closely miss the orc. Your bite misses the orc. The orc barely misses you.
The orc splashes around in the water.
You slash the orc!
You kill the orc!
Trog accepts your kill.
You hear a splash. x2
The orc barely misses you. The orc barely misses you.
Things that are here:
a +0 halberd; a +0 ring mail; an orc corpse You slash the orc!
The orc is almost dead.
The orc closely misses you.
You hit the orc but do no damage.
The orc is almost dead.
The orc hits you but does no damage.
Health restored: 56 You hit the orc.
You kill the orc!
Trog accepts your kill.
No target in view!
No target in view!
No target in view!
No target in view!
No target in view!
No target in view!
Things that are here:
a +0 halberd; a +0 ring mail; an orc corpse Key pressed, stopping explore.
Key pressed, stopping explore.
Key pressed, stopping explore.
Key pressed, stopping explore.
Key pressed, stopping explore.
Things that are here:
a +0 halberd; a +0 ring mail; an orc corpse
Things that are here:
a +0 trident; a +0 ring mail 2 orc warriors come into view.
The orc warrior shouts!
An orc knight comes into view. It is wielding a +0 glaive.
MP restored: 11 The orc knight roars a battlecry!
The orc warriors go into a battle-frenzy!
There is an open door here.
The orc warrior hits you but does no damage.
The orc warrior hits you from afar with a +0 trident!!
You take 21 damage, and have 35/56 hp.
MASSIVE DAMAGE!!
You now have 7/11 mp.
You slash the orc warrior! Your bite misses the orc warrior.
The orc warrior is moderately wounded.
The orc knight hits you from afar with a +0 glaive!!
* * * LOW HITPOINT WARNING * * *
The orc warrior hits you from afar with a +0 trident!!
You die...

##..≈≈≈≈≈≈≈..##
##..≈≈.))..≈≈..##
#######..≈≈..###..≈≈..##########
........≈≈..## ##..≈≈..........#
≈≈≈≈≈≈≈≈≈..##.∩.##..≈≈≈)≈≈≈≈≈≈.#
..........##.....##.....)....≈.#
.#############+###'#########.≈.#
.## #§....§§..## ##.≈.# ..##
.§§≈§§@§.§# ##..≈.# ≈..##
.≈§..o§o≈§§.# ##..≈≈.# ≈≈..#
....⌠o⌠.§....# #..≈≈.∩# ≈≈..#+#
≈§...⌠..§≈≈..#+#..≈≈.## ≈..##.##
.≈≈.....§≈..##.##..≈≈.# ..##.$.#
..≈≈≈.§§≈§.##...##..).#
.##.$$$.##.......§ #+.....##)≈.#
.#############+#############.≈.#
..........## ##..........≈.#


You could see an orc knight and 2 orc warriors.

Vanquished Creatures
  Pikel (D:7)
  Grinder (D:3)
  Sigmund (D:2)
  Menkaure (D:4)
  A water moccasin (D:5)
  3 orc warriors
  A black bear (D:4)
  A sky beast (D:7)
  An ogre (D:5)
  A centaur (D:6)
  A lemure (D:7)
  4 phantoms
  2 kobold brigands (D:7)
  Blork the orc (D:6)
  3 bullfrogs
  5 scorpions
  7 wights
  A howler monkey (D:6)
  Crazy Yiuf (D:2)
  3 hounds
  A centaur skeleton (D:4)
  5 orc priests
  5 jellies
  5 iguanas
  2 scorpion zombies (D:4)
  Ijyb (D:3)
  7 orc wizards
  2 hound skeletons (D:4)
  Robin (D:3)
  A howler monkey zombie (D:4)
  4 gnolls (D:6)
  12 adders
  An ufetubus (D:5)
  A worm (D:2)
  3 dart slugs
  40 orcs
  2 ball pythons (D:2)
  5 bats
  An endoplasm (D:4)
  4 giant cockroaches
  14 goblins
  14 hobgoblins
  20 jackals
  23 kobolds
  3 quokkas
  A frilled lizard (D:1)
  7 rats
225 creatures vanquished.

Vanquished Creatures (others)
  5 withered plants (D:4)
5 creatures vanquished.

Grand Total: 230 creatures vanquished

Notes
Turn   | Place    | Note
-------+----------+-------------------------------------------
     0 | D:1      | SkeletonJelly the Vine Stalker Fighter began the quest for
                  | the Orb.
     0 | D:1      | Reached XP level 1. HP: 11/11 MP: 2/2
   176 | D:1      | Reached skill level 2 in Axes
   248 | D:1      | Reached XP level 2. HP: 12/16 MP: 1/3
   752 | D:1      | Found a broken altar of Ashenzari.
  1159 | D:2      | Reached XP level 3. HP: 19/20 MP: 4/4
  1409 | D:2      | Found a runed translucent door.
  1410 | D:2      | Noticed Crazy Yiuf
  1430 | D:2      | Reached skill level 3 in Axes
  1535 | D:2      | Found an ancient bone altar of Kikubaaqudgha.
  1549 | D:2      | Noticed Sigmund
  1556 | D:2      | Killed Sigmund
  1557 | D:2      | Reached skill level 4 in Axes
  1557 | D:2      | Gained mutation: Your natural rate of healing is unusually
                  | fast. [Vine Stalker growth]
  1557 | D:2      | Reached XP level 4. HP: 6/25 MP: 1/5
  1557 | D:2      | Reached XP level 5. HP: 7/29 MP: 1/6
  1645 | D:2      | Found a faded altar of an unknown god.
  1868 | D:3      | Noticed Grinder
  1869 | D:3      | Paralysed by Grinder for 3 turns
  1931 | D:3      | Found an opulent altar of Gozag.
  2007 | D:3      | Found a bloodstained altar of Trog.
  2126 | D:3      | Reached XP level 6. HP: 33/33 MP: 5/7
  2150 | D:3      | Noticed Robin
  2152 | D:3      | Found a shimmering blue altar of Sif Muna.
  2160 | D:3      | Killed Robin
  2254 | D:3      | Paralysed by Grinder for 2 turns
  2263 | D:3      | Killed Grinder
  2264 | D:3      | Reached skill level 5 in Axes
  2264 | D:3      | Reached XP level 7. HP: 22/38 MP: 5/8
  2696 | D:3      | Noticed Ijyb
  2708 | D:3      | Killed Ijyb
  2844 | D:3      | Became a worshipper of Trog the Wrathful
  2942 | D:4      | Reached skill level 6 in Axes
  2966 | D:4      | Reached skill level 5 in Fighting
  3130 | D:4      | Gained mutation: You have razor-sharp teeth. [Vine Stalker
                  | growth]
  3130 | D:4      | Reached XP level 8. HP: 39/43 MP: 7/9
  3225 | D:4      | Reached skill level 7 in Axes
  3236 | D:4      | Reached * piety under Trog
  3452 | D:4      | Noticed Menkaure
  3458 | D:4      | Killed Menkaure
  3531 | D:4      | Found a shadowy altar of Dithmenos.
  3642 | D:5      | Entered Level 5 of the Dungeon
  3843 | D:5      | Reached skill level 8 in Axes
  3872 | D:5      | Found a blossoming altar of Fedhas.
  4617 | D:5      | Reached XP level 9. HP: 44/49 MP: 7/10
  4995 | D:2      | Killed Crazy Yiuf
  5110 | D:6      | Reached skill level 9 in Axes
  5113 | D:6      | Reached ** piety under Trog
  5136 | D:6      | Found a burning altar of Makhleb.
  5560 | D:6      | Noticed Blork the orc
  5571 | D:6      | Killed Blork the orc
  5672 | D:6      | Reached skill level 10 in Axes
  5892 | D:7      | Reached *** piety under Trog
  5902 | D:7      | Noticed Pikel
  5914 | D:7      | Killed Pikel
  5915 | D:7      | Reached XP level 10. HP: 56/56 MP: 11/11
  6027 | D:7      | Found a stormy altar of Qazlal.
  6212 | D:7      | Reached skill level 11 in Axes
  6273 | D:7      | Found a staircase to the Ecumenical Temple.
  6455 | D:8      | Reached **** piety under Trog
  6475 | D:8      | Found a flagged portal.
  6488 | Bailey   | Entered a bailey
  6734 | Bailey   | Noticed an orc knight
  6738 | Bailey   | Mangled by an orc warrior

Illustrated notes

Levels and vault maps discovered:
D:1:      sevenhm_arrival_forest_fort_small_3, layout_loops_corners,
          minmay_hexomino_r4
D:2:      layout_rooms, basic_altar,
          dreamdust_ecumenical_altar_hidden_monk_grotto,
          uniq_crazy_yiuf_cottage, uniq_sigmund
D:3:      kennysheep_goblin_castle, layout_basic,
          mainiacjoe_overflow_cross_hatched,
          mainiacjoe_overflow_six_doors_small, lemuel_crystal_altar,
          kennysheep_donut, minmay_increasing_density, uniq_robin, uniq_grinder
D:4:      layout_basic, nicolae_dithmenos_the_darkroom, serial_undead,
          serial_undead_c, serial_undead_b, serial_undead_b, serial_undead_b,
          nicolae_kite_square_tiling_tiny, uniq_menkaure
D:5:      layout_layer_cave, mainiacjoe_overflow_brackets,
          kennysheep_generic_room_9
D:6:      layout_rooms, makhleb_heckhound_becter, kennysheep_generic_room_13,
          uniq_blork_the_orc
D:7:      layout_cave_pools, general_overflow_altar, temple_green, uniq_pikel
D:8:      layout_loops_corners, nicolae_tso_carved_into_rock, enter_bailey_4,
          dk_noncrumbling_2, nicolae_shop_fire_sale [nicolae_sub_dead_trees],
          lightli_orcish_oven
Bailey:   bailey_polearm_1, bailey

Skill      XL: |  1  2  3  4  5  6  7  8  9 10 |
---------------+-------------------------------+-----
Axes           | 2 4 5 6 8 10 11 | 11.2
Fighting       | 3 4 5 6 7 8 |  8.3
Armour         | |  2.4
Shields        | |  2.6

Action                   |  1- 3 |  4- 6 |  7- 9 | 10-12 || total
-------------------------+-------+-------+-------+-------++-------
Melee: War axe           |    64 |    62 |   311 |   101 ||   538
       Bite              |     8 |    15 |   103 |    23 ||   149
Invok: Berserk           |       |       |     6 |     2 ||     8
Evoke: Wand              |       |       |     5 |       ||     5
  Use: Potion            |     1 |       |       |       ||     1
       Scroll            |       |       |       |     3 ||     3
Armor: Scale mail        |    41 |    38 |    92 |       ||   171
       Plate armour      |       |       |    59 |    67 ||   126
       Chain mail        |       |       |     2 |       ||     2
Dodge: Dodged            |    29 |    37 |   137 |    38 ||   241
Block: Buckler           |    13 |    25 |    64 |    27 ||   129

Table legend: (Time is in decaauts)
 A = Elapsed time spent in this place.
 B = Non-inter-level travel time spent in this place.
 C = Inter-level travel time spent in this place.
 D = Time resting spent in this place.
 E = Time spent auto-exploring this place.
 F = Levels seen in this place.
 G = Mean time per level.
                   A        B        C        D        E       F      G
               +--------+--------+--------+--------+--------+-----+--------+
         Total |   6902 |   6484 |    418 |     66 |   5058 |   9 |  766.9 |
       Dungeon |   6649 |   6231 |    418 |     66 |   4883 |   8 |  831.1 |
        Bailey |    253 |    253 |      0 |      0 |    175 |   1 |  253.0 |
               +--------+--------+--------+--------+--------+-----+--------+

Top non-repeatable levels by time:
     D:5: 1297 daAuts
     D:1: 1172 daAuts
     D:3: 1031 daAuts
     D:2: 862 daAuts
     D:4: 821 daAuts
     D:6: 774 daAuts
     D:7: 603 daAuts
  Bailey: 253 daAuts
     D:8: 84 daAuts
